 Dungeon Crawl Stone Soup version 0.28.0 (webtiles) character file.

Game seed: 3154826657326375105

2251 themarg the Thaumaturge (level 9, -13/68 HPs)
             Began as a Gnoll Wanderer on Feb 6, 2022.
             Was a Priest of the Shining One.
             Mangled by an ogre (19 damage)
             ... on level 4 of the Dungeon.
             The game lasted 00:53:00 (8563 turns).

themarg the Thaumaturge (Gnoll Wanderer)            Turns: 8563, Time: 00:53:04

Health: -13/68     AC: 11    Str: 18      XL:     9   Next: 37%
Magic:  23/23      EV: 12    Int: 10 (12) God:    the Shining One [***...]
Gold:   42         SH:  5    Dex: 14 (15) Spells: 23/28 levels left

rFire   . . .      SeeInvis .   a - +2 spear
rCold   . . .      Faith    .   b - +0 buckler
rNeg    + . .      Spirit   .   f - +0 ring mail
rPois   .          Reflect  .   v - +2 helmet
rElec   .          Harm     .   (no cloak)
rCorr   .          Rampage  .   (no gloves)
Will    .....                   (no boots)
Stlth   +.........              C - amulet of magic regeneration
HPRegen 0.21/turn               x - +6 ring of strength
MPRegen 0.58/turn               (no ring)

@: glowing
A: fangs 1, strong nose, distributed training, iridescent scales 1,
deterioration 1
a: Renounce Religion, Divine Shield, Cleansing Flame


You were on level 4 of the Dungeon.
You worshipped the Shining One.
The Shining One was most pleased with you.
You visited 1 branch of the dungeon, and saw 6 of its levels.

You collected 250 gold pieces.
You spent 208 gold pieces at shops.

Inventory:

Hand Weapons
 a - a +2 spear (weapon)
 w - a +2 short sword of electrocution
Armour
 b - a +0 buckler (worn)
 c - a +0 robe
 f - a +0 ring mail (worn)
 h - an orb of energy
 v - a +2 helmet (worn)
 B - a +2 kite shield of reflection
Jewellery
 d - a ring of poison resistance
 x - a +6 ring of strength (left hand)
 C - an amulet of magic regeneration (around neck)
Wands
 q - a wand of polymorph (11)
 y - a wand of iceblast (9)
Scrolls
 g - 3 scrolls of torment {unknown}
 i - 5 scrolls of identify {unknown}
 l - 2 scrolls of immolation {unknown}
 m - a scroll of teleportation {unknown}
 n - 3 scrolls of blinking {unknown}
 r - 3 scrolls of summoning {unknown}
 t - a scroll of amnesia {unknown}
 u - a scroll of vulnerability {unknown}
 D - 2 scrolls of fear {unknown}
Potions
 j - a potion of flight
 k - 2 potions of attraction
 o - 4 potions of curing {unknown}
 p - a potion of lignification {unknown}
 z - a potion of cancellation {unknown}
 A - a potion of brilliance {unknown}


   Skills:
 + Level 5.0 Fighting
 + Level 4.2 Short Blades
 + Level 4.2 Long Blades
 + Level 4.2 Axes
 + Level 4.2 Maces & Flails
 + Level 6.3 Polearms
 + Level 4.2 Staves
 + Level 4.2 Slings
 + Level 4.2 Bows
 + Level 4.2 Crossbows
 + Level 4.2 Throwing
 + Level 4.2 Armour
 + Level 4.2 Dodging
 + Level 4.2 Stealth
 + Level 6.3 Shields
 + Level 4.2 Unarmed Combat
 + Level 10.2 Spellcasting
 + Level 3.4 Conjurations
 + Level 3.4 Hexes
 + Level 3.4 Summonings
 + Level 3.4 Necromancy
 + Level 3.4 Translocations
 + Level 3.4 Transmutations
 + Level 3.4 Fire Magic
 + Level 3.4 Ice Magic
 + Level 3.4 Air Magic
 + Level 3.4 Earth Magic
 + Level 3.4 Poison Magic
 + Level 5.3 Invocations
 + Level 4.2 Evocations


You had 23 spell levels left.
You knew the following spells:

 Your Spells              Type           Power      Damage    Failure   Level
a - Shock                 Conj/Air       48%        1d6       7%          1
b - Blink                 Tloc           24%        N/A       11%         2
c - Static Discharge      Conj/Air       12%        N/A       11%         2

Your spell library contained the following spells:

 Spells                   Type           Power      Damage    Failure   Level
 Corpse Rot               Necr/Air       24%        N/A       11%         2
 Poisonous Vapours        Pois/Air       24%        N/A       11%         2
 Lesser Beckoning         Tloc           12%        N/A       22%         3
 Stone Arrow              Conj/Erth      24%        3d8       22%         3
 Swiftness                Air            12%        N/A       22%         3
 Animate Armour           Summ/Erth      24%        N/A       56%         4
 Dispel Undead            Necr           12%        3d9       56%         4
 Sticky Flame             Conj/Fire      12%        2d4       56%         4
 Manifold Assault         Tloc           12%        N/A       89%         5
 Lehudib's Crystal Spear  Conj/Erth      6%         10d3      100%        8


Dungeon Overview and Level Annotations

Branches:
Dungeon (6/15)             Temple (0/1) D:6

Altars:
Elyvilon
Makhleb
Okawaru
Ru
Wu Jian
Zin
The Shining One

Shops:
D:2 [

Annotations:
D:4 1 transporter, Dazliare's ghost, novice OgBe
D:6 Maggie


Innate Abilities, Weirdness & Mutations

You have very sharp teeth.
Your uncanny sense of smell can sniff out nearby items.
Your experience applies equally to all skills.
You are partially covered in iridescent scales. (AC +2)
Your body sometimes deteriorates upon taking damage.


Message History

Dazliare's ghost is lightly damaged.
You hit Dazliare's ghost.
Dazliare's ghost is lightly damaged.
Dazliare's ghost hits you!
You barely miss Dazliare's ghost.
Dazliare's ghost is lightly damaged.
Dazliare's ghost hits you.
You hit Dazliare's ghost.
Dazliare's ghost is moderately damaged.
The ogre hits you with the +4 great mace of Terra Nullius {freeze, rC+}!
The ogre freezes you.
Dazliare's ghost hits you but does no damage.
Dazliare's ghost misses you.
You hit the ogre.
The ogre is lightly wounded.
You block Dazliare's ghost's attack.
The ogre hits you with the +4 great mace of Terra Nullius {freeze, rC+}.
The ogre freezes you.
You hit the ogre.
The ogre is moderately wounded.
You barely miss the ogre.
The ogre is moderately wounded.
Dazliare's ghost hits you!
Your body deteriorates!
You feel dopey.
The ogre hits you with the +4 great mace of Terra Nullius {freeze, rC+}.
The ogre freezes you.
You hit the ogre.
The ogre is moderately wounded.
Dazliare's ghost hits you but does no damage.
The ogre barely misses you.
You hit the ogre.
The ogre is heavily wounded.
The ogre misses you. Dazliare's ghost barely misses you.
You hit the ogre.
The ogre is severely wounded.
The ogre hits you with a +0 giant club!!
* * * LOW HITPOINT WARNING * * *
Your body deteriorates!
You feel dopey.
The ogre hits you with the +4 great mace of Terra Nullius {freeze, rC+}!!
You die...

## #. ##### #.
########..# #.
#.....©#..# #.
#.#..#.#..# #.
#..##..#..# #.
#.O##..#..# #.
#@#..#$#©.## #.
#OW...[#...# #.
#.#..#.#©..# #.
#..##..#...# #.
#..##..#...# #.
#####!#..#.#...# #.
#...#......#...#######
#.##########.........#
#.#.........#.######.#


You could see 2 ogres and Dazliare's ghost.

Vanquished Creatures
  5 yaks (D:5)
  A water moccasin (D:5)
  A hornet zombie (D:5)
  A sky beast (D:5)
  An ice beast (D:5)
  2 black bears
  3 scorpions
  A gnoll sergeant (D:5)
  A water moccasin skeleton (D:4)
  A centaur zombie (D:6)
  2 bullfrog zombies (D:5)
  A jelly (D:5)
  5 hounds
  2 bullfrog skeletons
  2 centaur skeletons (D:6)
  An orc wizard (D:6)
  A scorpion zombie (D:5)
  A hound skeleton (D:4)
  A howler monkey zombie (D:6)
  10 adders
  4 gnolls
  A howler monkey skeleton (D:4)
  2 adder skeletons
  4 dart slugs
  10 orcs
  8 bats
  3 endoplasms
  5 goblins
  4 hobgoblins
  7 jackals
  2 quokkas
  3 ball pythons
  3 frilled lizards
  3 kobolds
  3 rats
105 creatures vanquished.

Vanquished Creatures (others)
  2 fungi (D:3)
  A plant (D:3)
3 creatures vanquished.

Grand Total: 108 creatures vanquished

Notes
Turn   | Place    | Note
-------+----------+-------------------------------------------
     0 | D:1      | Reached skill level 9 in Spellcasting
     0 | D:1      | themarg the Gnoll Wanderer began the quest for the Orb.
     0 | D:1      | themarg set off with the following items: a +2 spear, a +0
                  | buckler, a +0 robe; and the following spell memorised:
                  | Shock; and the following spells available to memorise:
                  | Swiftness
     0 | D:1      | Reached XP level 1. HP: 17/17 MP: 10/10
   179 | D:1      | Reached XP level 2. HP: 17/23 MP: 12/12
   428 | D:1      | Found a faded altar of an unknown god.
   446 | D:1      | Prayed at the altar of an unknown god.
   446 | D:1      | Became a worshipper of the Shining One
   446 | D:1      | Reached * piety under the Shining One
  1009 | D:2      | Reached XP level 3. HP: 23/28 MP: 13/13
  1226 | D:2      | Reached skill level 1 in Short Blades
  1226 | D:2      | Reached skill level 1 in Long Blades
  1226 | D:2      | Reached skill level 1 in Axes
  1226 | D:2      | Reached skill level 1 in Maces & Flails
  1226 | D:2      | Reached skill level 1 in Staves
  1226 | D:2      | Reached skill level 1 in Slings
  1226 | D:2      | Reached skill level 1 in Bows
  1226 | D:2      | Reached skill level 1 in Crossbows
  1226 | D:2      | Reached skill level 1 in Throwing
  1226 | D:2      | Reached skill level 1 in Armour
  1226 | D:2      | Reached skill level 1 in Dodging
  1226 | D:2      | Reached skill level 1 in Stealth
  1226 | D:2      | Reached skill level 1 in Unarmed Combat
  1226 | D:2      | Reached skill level 1 in Evocations
  1241 | D:2      | Found Cik Nost's Armour Emporium.
  1703 | D:2      | Reached XP level 4. HP: 34/34 MP: 15/15
  1943 | D:3      | Found an ornate altar of the Wu Jian Council.
  2089 | D:3      | Found a burning altar of Makhleb.
  2159 | D:3      | Reached skill level 1 in Conjurations
  2159 | D:3      | Reached skill level 1 in Hexes
  2159 | D:3      | Reached skill level 1 in Summonings
  2159 | D:3      | Reached skill level 1 in Necromancy
  2159 | D:3      | Reached skill level 1 in Translocations
  2159 | D:3      | Reached skill level 1 in Transmutations
  2159 | D:3      | Reached skill level 1 in Fire Magic
  2159 | D:3      | Reached skill level 1 in Ice Magic
  2159 | D:3      | Reached skill level 1 in Air Magic
  2159 | D:3      | Reached skill level 1 in Earth Magic
  2159 | D:3      | Reached skill level 1 in Poison Magic
  2232 | D:3      | Found a white marble altar of Elyvilon.
  2249 | D:3      | Reached XP level 5. HP: 37/40 MP: 16/16
  3170 | D:4      | Noticed Dazliare's ghost (novice OgBe)
  3170 | D:4      | Identified the +4 great mace of Terra Nullius {freeze, rC+}
  3170 | D:4      | Noticed an ogre
  3172 | D:4      | Found a transporter.
  3174 | D:4      | Noticed an ogre
  3176 | D:4      | Found a transporter.
  3216 | D:4      | Reached ** piety under the Shining One
  3217 | D:4      | Reached XP level 6. HP: 39/47 MP: 16/18
  3469 | D:4      | Reached skill level 5 in Polearms
  3469 | D:4      | Reached skill level 5 in Shields
  3535 | D:5      | Entered Level 5 of the Dungeon
  3934 | D:5      | Reached XP level 7. HP: 52/52 MP: 20/20
  4642 | D:5      | Found an iron altar of Okawaru.
  4671 | D:4      | Gained mutation: Your body sometimes deteriorates upon
                  | taking damage. [potion of mutation]
  4671 | D:4      | Gained mutation: You are partially covered in iridescent
                  | scales. (AC +2) [potion of mutation]
  5085 | D:5      | Reached XP level 8. HP: 60/60 MP: 21/21
  5821 | D:6      | Noticed a yak
  5821 | D:6      | Noticed a yak
  5821 | D:6      | Noticed a yak
  6010 | D:2      | Bought an orb of energy for 208 gold pieces
  6240 | D:6      | Noticed a yak
  6241 | D:6      | Noticed a yak
  6448 | D:6      | Found a sacrificial altar of Ru.
  6504 | D:5      | Killed a yak
  6505 | D:5      | Reached skill level 10 in Spellcasting
  6727 | D:5      | Killed a yak
  6984 | D:5      | Killed a yak
  6985 | D:5      | Reached skill level 5 in Invocations
  6985 | D:5      | Reached XP level 9. HP: 36/66 MP: 18/23
  7404 | D:5      | Learned a level 2 spell: Blink
  7407 | D:5      | Learned a level 2 spell: Static Discharge
  7854 | D:6      | Reached *** piety under the Shining One
  7862 | D:6      | Reached skill level 5 in Fighting
  7979 | D:6      | Found a staircase to the Ecumenical Temple.
  8041 | D:6      | Found a glowing silver altar of Zin.
  8089 | D:6      | Noticed Maggie
  8092 | D:6      | Noticed Maggie
  8092 | D:6      | Maggie changed into Maggie the naga
  8563 | D:4      | Mangled by an ogre

Illustrated notes

Levels and vault maps discovered:
D:1:      dpeg_arrival_subterranean_lakeside_camping, layout_basic,
          hellmonk_ecumenical_altar_run_dry, minmay_tiny_reverse_x
D:2:      layout_loops_ring, serial_shops, nicolae_shop_statue_plus
D:3:      layout_basic, nzn_wu_jian_council_hall, mainiacjoe_overflow_24_doors,
          mainiacjoe_overflow_boulevard, minmay_starry_boxes
D:4:      layout_loops_cross, gammafunk_ghost_smash, minmay_liquid_box
D:5:      layout_cave_pools, lemuel_round_altar
D:6:      layout_layer_cave, zin_treasury, old_standard_altar,
          minmay_temple_entry_junction, uniq_maggie

Skill      XL: |  1  2  3  4  5  6  7  8  9 |
---------------+----------------------------+-----
Spellcasting   | 10 | 10.2
Short Blades   | 1 2 3 4 |  4.2
Long Blades    | 1 2 3 4 |  4.2
Axes           | 1 2 3 4 |  4.2
Maces & Flails | 1 2 3 4 |  4.2
Staves         | 1 2 3 4 |  4.2
Slings         | 1 2 3 4 |  4.2
Bows           | 1 2 3 4 |  4.2
Crossbows      | 1 2 3 4 |  4.2
Throwing       | 1 2 3 4 |  4.2
Armour         | 1 2 3 4 |  4.2
Dodging        | 1 2 3 4 |  4.2
Stealth        | 1 2 3 4 |  4.2
Unarmed Combat | 1 2 3 4 |  4.2
Evocations     | 1 2 3 4 |  4.2
Conjurations   | 1 2 3 |  3.4
Hexes          | 1 2 3 |  3.4
Summonings     | 1 2 3 |  3.4
Necromancy     | 1 2 3 |  3.4
Translocations | 1 2 3 |  3.4
Transmutations | 1 2 3 |  3.4
Fire Magic     | 1 2 3 |  3.4
Ice Magic      | 1 2 3 |  3.4
Air Magic      | 1 2 3 |  3.4
Earth Magic    | 1 2 3 |  3.4
Poison Magic   | 1 2 3 |  3.4
Invocations    | 3 4 5 |  5.3
Fighting       | 3 4 5 |  5.0
Polearms       | 5 6 |  6.3
Shields        | 5 6 |  6.3

Action                   |  1- 3 |  4- 6 |  7- 9 || total
-------------------------+-------+-------+-------++-------
Melee: Spear             |   100 |   156 |   275 ||   531
       Bite              |    12 |    26 |    42 ||    80
 Cast: Shock             |       |     7 |    47 ||    54
Evoke: Wand              |       |       |     2 ||     2
  Use: Potion            |       |     1 |    10 ||    11
Armor: Robe              |     9 |       |       ||     9
       Ring mail         |    36 |    40 |   113 ||   189
Dodge: Dodged            |    56 |    67 |   139 ||   262
Block: Buckler           |    23 |    30 |    75 ||   128
